 Dungeon Crawl Stone Soup version 0.30-a0-571-gdf30a72648 (webtiles) character file.

Game seed: 15515250517330431216

8356 avis the Skirmisher (level 10, -5/86 HPs)
             Began as a Demigod Hunter on Dec 30, 2022.
             Slain by a vampire (12 damage)
             ... on level 9 of the Dungeon.
             The game lasted 00:41:28 (9949 turns).

avis the Skirmisher (Demigod Hunter)                Turns: 9949, Time: 00:41:29

Health: -5/86      AC:  5    Str: 12    XL:     10   Next: 82%
Magic:  13/13      EV: 22    Int: 11    God:
Gold:   407        SH:  0    Dex: 29    Spells: 9/9 levels left

rFire   . . .      SeeInvis .    w - +2 short sword (speed)
rCold   . . .      Faith    .    (no shield)
rNeg    . . .      Spirit   .    z - +0 leather armour
rPois   .          Reflect  .    (no helmet)
rElec   .          Harm     .    (no cloak)
rCorr   +          Rampage  .    i - +0 pair of gloves
Will    +....                    J - +0 pair of boots
Stlth   ++                       (no amulet)
HPRegen 0.34/turn                x - ring of resist corrosion
MPRegen 0.13/turn                (no ring)

@: hasted, very quick
A: high MP 1, forlorn, divine attributes
a: no special abilities


You were on level 9 of the Dungeon.
You visited 2 branches of the dungeon, and saw 10 of its levels.

You collected 407 gold pieces.

Inventory:

Hand Weapons
 a - a +0 short sword of electrocution
 b - a +2 sling of draining
 c - a +0 shortbow
 w - a +2 short sword of speed (weapon)
 H - a +3 spear
 I - a +1 halberd of venom
 Q - a +1 vampiric dagger
Missiles
 f - 3 boomerangs
 g - 3 atropa-tipped darts
 A - a throwing net
Armour
 i - a +0 pair of gloves (worn)
 z - a +0 leather armour (worn)
 J - a +0 pair of boots (worn)
 P - the +1 ring mail of Insatiable Hunger {rCorr Dex+3}
   (You found it on level 8 of the Dungeon)

   Dex:       It affects your dexterity (+3).
   rCorr:     It protects you from acid and corrosion.
Jewellery
 x - a ring of resist corrosion (left hand)
 L - a ring of willpower
 M - a ring of positive energy
 S - a ring of wizardry
Wands
 e - a wand of polymorph (15)
 r - a wand of flame (14)
 C - a wand of charming (5)
Scrolls
 d - 5 scrolls of teleportation {unknown}
 h - a scroll of magic mapping {unknown}
 j - 3 scrolls of noise {unknown}
 k - a scroll of brand weapon {unknown}
 p - 2 scrolls of immolation
 s - a scroll of poison {unknown}
 v - 2 scrolls of silence {unknown}
 y - 2 scrolls of enchant weapon {unknown}
 F - 3 scrolls of vulnerability {unknown}
 G - a scroll of blinking {unknown}
 K - a scroll of fog {unknown}
 O - 2 scrolls of amnesia {unknown}
Potions
 l - a potion of might
 m - a potion of invisibility
 n - a potion of haste
 o - 5 potions of lignification
 q - 3 potions of attraction
 t - a potion of cancellation
 u - a potion of magic
 B - 2 potions of degeneration
 D - 3 potions of brilliance
 E - a potion of flight {unknown}
 N - 2 potions of mutation


   Skills:
 - Level 7.0 Fighting
 * Level 11.2 Ranged Weapons
 - Level 10.0 Dodging
 - Level 0.8 Stealth


You had 9 spell levels left.
You didn't know any spells.
Your spell library contained the following spells:

 Spells                   Type           Power      Damage    Failure   Level
 Beastly Appendage        Tmut           0%         N/A       41%         1
 Necrotise                Necr           0%         1d4       41%         1
 Scorch                   Fire           0%         2d5       56%         2
 Sublimation of Blood     Necr           0%         N/A       56%         2
 Wereblood                Tmut           0%         N/A       56%         2
 Spider Form              Tmut/Pois      0%         N/A       80%         3
 Vampiric Draining        Necr           0%         2d6       80%         3
 Flame Wave               Conj/Fire      0%         2d4       99%         4
 Olgreb's Toxic Radiance  Pois           0%         N/A       99%         4
 Agony                    Necr           0%         N/A       100%        5
 Summon Forest            Summ/Tloc      0%         N/A       100%        5
 Eringya's Noxious Bog    Tmut/Pois      0%         N/A       100%        6
 Summon Cactus Giant      Summ           0%         N/A       100%        6
 Ozocubu's Refrigeration  Ice            0%         4d7       100%        7
 Summon Hydra             Summ           0%         N/A       100%        7
 Ignition                 Fire           0%         3d3       100%        8


Dungeon Overview and Level Annotations

Branches:
Dungeon (9/15)             Temple (1/1) D:5
   Lair: D:8-11         Orc: D:9-12

Shops:
D:7 *

Annotations:
D:3 2 transporters, Menkaure
D:7 2 transporters, Jase's ghost, novice SpEn


Innate Abilities, Weirdness & Mutations

You have an increased reservoir of magic. (+10% MP)
You shall have no god before yourself.
Your divine heritage dramatically boosts your attributes as you level up.


Message History

You hit something but do no damage. Something hits you. Something bites you.
Something draws strength from your injuries!
You hit something but do no damage. You miss something.
Something closely misses you. Something bites you.
Something draws strength from your injuries!
You hit something. You hit something but do no damage.
Something hits you but does no damage. Something misses you.
You puncture something! Something hits you! Something closely misses you.
You hit something. You hit something but do no damage.
Something draws life force from you!
You miss something. Something barely misses you. Something bites you!
Something draws strength from your injuries!
You closely miss something. You hit something but do no damage.
Something closely misses you. Something barely misses you.
You barely miss something. You barely miss something. Something misses you.
Something bites you.
Something draws strength from your injuries!
You hit something but do no damage. Something hits you!
* * * LOW HITPOINT WARNING * * *
Something bites you.
* * * LOW HITPOINT WARNING * * *
Something draws strength from your injuries!
You feel better. Something hits you but does no damage. Something bites you.
Something draws strength from your injuries!
You feel yourself speed up. Something closely misses you. Something misses you.
You hit something but do no damage. You hit something.
Something barely misses you. Something closely misses you.
You hit something but do no damage. You barely miss something.
You hit something but do no damage. Something hits you!
* * * LOW HITPOINT WARNING * * *
Something bites you.
* * * LOW HITPOINT WARNING * * *
Something draws strength from your injuries!
You feel better. Something hits you!
* * * LOW HITPOINT WARNING * * *
Something bites you!
You die...

.......# ##.###.# .## .#
#.###.# ..# .# ##.....#
..# .# # #...#### #.#
.###. .....## ####.# ....
......## ##.##.# ..#
.......####...#.###..##.#
.......'........@{.....#
.......####...######.##.#
......## #..## # .....##
#.## ....## #.# ##'## #.#
##.# #.# ##.# #.# ##.##
#.#


There were no monsters in sight!

Vanquished Creatures
  A two-headed ogre (D:8)
  2 cyclopes (D:7)
  An ugly thing (D:7)
  A manticore (D:8)
  A kobold demonologist (D:7)
  A hornet (D:7)
  Prince Ribbit (D:5)
  A slime creature (D:7)
  2 wyverns (D:9)
  15 yaks
  Eustachio (D:5)
  A steam dragon (D:6)
  A vampire mosquito (D:7)
  An acid dragon (D:8)
  4 water moccasins
  Duvessa (D:4)
  An orc warrior (D:9)
  An ice beast (D:6)
  2 ogres
  4 centaurs
  A scorpion (D:6)
  3 killer bees (D:7)
  Dowan (D:4)
  An electric eel (D:9)
  3 howler monkeys
  3 hounds
  2 jellies (D:6)
  A gnoll bouda (D:7)
  6 orc priests
  Ijyb (D:5)
  2 iguanas (D:5)
  9 orc wizards
  3 gnolls (D:7)
  4 adders
  A shadow imp (D:6)
  2 ufetubi
  3 worms (D:3)
  3 dart slugs
  24 orcs
  9 ball pythons
  4 bats
  5 endoplasms
  2 giant cockroaches (D:1)
  10 goblins
  3 hobgoblins
  4 jackals (D:1)
  10 kobolds
  7 quokkas
  2 frilled lizards (D:1)
  3 rats
  A spectral kobold (D:5)
176 creatures vanquished.

Vanquished Creatures (others)
  4 toadstools (D:9)
4 creatures vanquished.

Grand Total: 180 creatures vanquished

Notes
Turn   | Place    | Note
-------+----------+-------------------------------------------
     0 | D:1      | avis the Demigod Hunter began the quest for the Orb.
     0 | D:1      | Reached XP level 1. HP: 17/17 MP: 3/3
    90 | D:1      | Reached XP level 2. HP: 25/25 MP: 4/4
   483 | D:1      | Reached XP level 3. HP: 31/31 MP: 5/5
   643 | D:1      | Reached skill level 4 in Ranged Weapons
  1589 | D:3      | Found the +2 Maxwell's thermic engine {flame, freeze}
  1590 | D:3      | Noticed Menkaure
  1603 | D:3      | Found a transporter.
  1605 | D:3      | Found a transporter.
  1724 | D:3      | Reached XP level 4. HP: 21/38 MP: 6/6
  2517 | D:4      | Noticed Duvessa
  2520 | D:4      | Noticed Dowan
  2547 | D:4      | Killed Duvessa
  2548 | D:4      | Reached XP level 5. HP: 17/45 MP: 7/7
  2550 | D:4      | Killed Dowan
  3448 | D:5      | Entered Level 5 of the Dungeon
  3550 | D:5      | Reached XP level 6. HP: 47/52 MP: 8/8
  3742 | D:5      | Noticed Prince Ribbit
  3800 | D:5      | Killed Prince Ribbit
  3801 | D:5      | Reached skill level 5 in Ranged Weapons
  3850 | D:5      | Reached skill level 6 in Ranged Weapons
  3850 | D:5      | Reached XP level 7. HP: 59/59 MP: 9/9
  4096 | D:5      | Noticed Eustachio
  4112 | D:5      | Killed Eustachio
  4113 | D:5      | Reached skill level 5 in Dodging
  4361 | D:5      | Noticed Ijyb
  4371 | D:5      | Killed Ijyb
  4720 | D:5      | Found a staircase to the Ecumenical Temple.
  4726 | Temple   | Entered the Ecumenical Temple
  4981 | D:6      | Reached skill level 5 in Fighting
  5013 | D:6      | Noticed a steam dragon
  5024 | D:6      | Killed a steam dragon
  5025 | D:6      | Reached XP level 8. HP: 40/68 MP: 10/10
  5128 | D:6      | Reached skill level 7 in Ranged Weapons
  5803 | D:7      | Reached skill level 8 in Ranged Weapons
  5913 | D:7      | Noticed a cyclops
  5922 | D:7      | Reached XP level 9. HP: 28/74 MP: 11/11
  6108 | D:7      | Found Zin's Purification Station.
  6284 | D:7      | Noticed a cyclops
  6300 | D:7      | Killed a cyclops
  6301 | D:7      | Reached skill level 9 in Ranged Weapons
  6582 | D:7      | Killed a cyclops
  6832 | D:7      | Reached skill level 10 in Ranged Weapons
  6939 | D:7      | Noticed a kobold demonologist
  6946 | D:7      | Noticed a hellwing
  6961 | D:7      | Killed a kobold demonologist
  7135 | D:7      | Noticed a moth of wrath
  7144 | D:7      | Found a transporter.
  7147 | D:7      | Noticed Jase's ghost (novice SpEn)
  7161 | D:7      | Found a transporter.
  7467 | D:8      | Noticed a two-headed ogre
  7476 | D:8      | Killed a two-headed ogre
  7477 | D:8      | Reached XP level 10. HP: 83/83 MP: 13/13
  7764 | D:8      | Reached skill level 10 in Dodging
  8407 | D:8      | Noticed a purple ugly thing
  8430 | D:7      | Killed a purple ugly thing
  8708 | D:8      | Noticed a manticore
  8831 | D:8      | Killed a manticore
  9051 | D:8      | Identified the +1 ring mail of Insatiable Hunger {rCorr
                  | Dex+3}
  9802 | D:9      | Reached skill level 11 in Ranged Weapons
  9949 | D:9      | Slain by a vampire

Illustrated notes

Levels and vault maps discovered:
D:1:      psy_arrival_terrarium, layout_rooms, basic_ecumenical_altar,
          supply_closet_lemuel, st_stairs_6
D:2:      layout_loops_ring
D:3:      layout_loops_corners, gammafunk_temple_of_torment,
          nicolae_vehumet_radiance
D:4:      layout_loops_corners, kennysheep_slug_shrine, uniq_duvessa
D:5:      layout_layer_cave, nicolae_hepliaklqana_monster_ancestors,
          minmay_temple_entry_enclosed_plants, uniq_menkaure, uniq_ijyb,
          uniq_prince_ribbit1, uniq_eustachio
D:6:      layout_basic, lemuel_coloured_pillars_altar
D:7:      layout_basic, zin_purify, gammafunk_ghost_berserking_beasts,
          kb_rosetta
D:8:      cheibrodos_elevator_heist, layout_basic, kennysheep_nondescript
D:9:      layout_loops_corners, marbit_many_paths, serial_bayou_ford_a,
          amethyst_killhole, grunt_ministairs_14, minmay_gold_behind_fungi
Temple:   nicolae_temple_x_marks_the_god

Skill      XL: |  1  2  3  4  5  6  7  8  9 10 |
---------------+-------------------------------+-----
Fighting       | 2 3 4 5 6 7 |  7.0
Ranged Weapons | 4 6 8 10 11 | 11.2
Dodging        | 2 4 6 7 9 10 | 10.0
Stealth        | |  0.8

Action                   |  1- 3 |  4- 6 |  7- 9 | 10-12 || total
-------------------------+-------+-------+-------+-------++-------
Melee: Short sword       |    52 |     4 |    11 |    32 ||    99
 Fire: Shortbow          |    98 |    15 |       |       ||   113
       Sling             |       |    91 |   287 |   169 ||   547
  Use: Potion            |       |     7 |     2 |     3 ||    12
       Scroll            |       |       |     9 |     1 ||    10
Armor: Leather armour    |    19 |     8 |    24 |     9 ||    60
Dodge: Dodged            |    37 |    53 |   170 |   103 ||   363

Table legend: (Time is in decaauts)
 A = Elapsed time spent in this place.
 B = Non-inter-level travel time spent in this place.
 C = Inter-level travel time spent in this place.
 D = Time resting spent in this place.
 E = Time spent auto-exploring this place.
 F = Levels seen in this place.
 G = Mean time per level.
                   A        B        C        D        E       F      G
               +--------+--------+--------+--------+--------+-----+--------+
         Total |   9991 |   8906 |   1085 |   1932 |   5034 |  10 |  999.1 |
       Dungeon |   9986 |   8901 |   1085 |   1932 |   5034 |   9 | 1109.6 |
        Temple |      4 |      4 |      0 |      0 |      0 |   1 |    4.0 |
               +--------+--------+--------+--------+--------+-----+--------+

Top non-repeatable levels by time:
     D:7: 1847 daAuts
     D:5: 1370 daAuts
     D:8: 1355 daAuts
     D:4: 1184 daAuts
     D:6: 1177 daAuts
     D:3: 1036 daAuts
     D:1: 701 daAuts
     D:9: 672 daAuts
     D:2: 642 daAuts
  Temple: 4 daAuts
